Map: Magannatha LE

Players

Classic - Winner!

  • Race: Protoss Protoss
  • Spawn Location: 5:00

LiquidCure (Cure)

  • Race: Terran Terran
  • Spawn Location: 11:00

VOD

Have the link to the VOD?

Description

Time

  • Played on: Nov. 14, 2025, 5:12 a.m.
  • Length: 12:48
Show
View Real Time Build Order
Export as new Build Order

Classic Protoss - Winner!

Build Orders: 1 Gate Expand, Blink Stalkers 

Get SALT Encoding   

  12  0:00  Probe  
  13  0:12  Probe  
  14  0:17  Pylon  
  14  0:24  Probe  
  15  0:33  Probe  
  15  0:35  Gateway  
  15  0:41  Probe  
  16  0:46  Assimilator  
  17  0:50  Probe  
  18  1:03  Probe  
  19  1:15  Probe  
  20  1:22  Cybernetics Core  
  20  1:31  Nexus  
  20  1:38  Pylon  
  20  1:41  Probe  
  21  1:48  Adept  
  21  1:49  Assimilator  
  21  1:53  Probe  
  22  1:59  Warp Gate  
  24  2:05  Probe  
  25  2:15  Stalker  
  25  2:17  Probe  
  28  2:30  Twilight Council  
  28  2:31  Probe  
  29  2:40  Probe x2, Blink  
  29  2:42  Stalker  
  31  2:48  Probe x2  
  33  2:57  Probe x2  
  35  3:04  Gateway  
  37  3:10  Probe  
  38  3:13  Probe  
  39  3:23  Probe  
  39  3:25  Probe  
  41  3:27  Sentry  
  41  3:36  Nexus  
  41  3:40  Pylon  
  41  3:42  Probe  
  41  3:44  Probe  
  41  3:48  Pylon  
  43  3:54  Probe  
  44  3:56  Probe  
  44  3:58  Robotics Facility  
  45  4:03  Stalker  
  45  4:06  Stalker  
  49  4:10  Probe, Assimilator  
  49  4:12  Probe  
  51  4:23  Probe  
  51  4:24  Probe  
  53  4:30  Stalker x2  
  57  4:34  Pylon  
  57  4:40  Gateway x2, Charge  
  57  4:43  Probe x2  
  59  4:48  Probe  
  59  4:49  Observer  
  61  4:53  Shield Battery  
  61  4:54  Probe  
  61  4:56  Probe x2  
  63  5:02  Probe  
  63  5:03  Forge  
  63  5:04  Probe  
  63  5:05  Stalker  
  67  5:08  Probe  
  67  5:10  Probe  
  70  5:14  Probe  
  71  5:23  Probe x2  
  71  5:24  Templar Archives  
  71  5:26  Probe  
  74  5:30  Protoss Ground Weapons Level 1, Stalker  
  74  5:31  Pylon  
  76  5:37  Probe  
  76  5:38  Probe  
  76  5:39  Probe  
  78  5:44  Assimilator, Psionic Storm  
  78  5:45  Assimilator  
  78  5:46  Assimilator  
  78  5:50  Probe x2  
  78  5:51  Probe  
  78  5:54  Gateway  
  78  5:56  Gateway  
  81  6:00  Gateway  
  81  6:03  Gateway  
  81  6:08  Probe x2  
  81  6:09  Probe  
  84  6:12  Pylon  
  84  6:19  High Templar, Zealot x3  
  92  6:29  Warp Prism  
  94  6:35  Pylon  
  93  6:42  Nexus  
  93  6:43  Probe x3, Forge  
  93  6:45  Pylon  
  96  6:50  High Templar x2  
  100  6:58  High Templar  
  100  6:59  Zealot x3  
  108  7:02  Pylon  
  108  7:04  Pylon x2  
  108  7:15  Zealot x2  
  90  7:21  Zealot x3  
  83  7:24  Zealot x2  
  83  7:25  Protoss Ground Weapons Level 2  
  83  7:28  Protoss Ground Armor Level 1  
  83  7:29  Nexus  
  87  7:31  Observer, Stalker  
  87  7:33  Pylon  
  90  7:45  Zealot x6  
  90  7:46  Zealot  
  90  7:48  Stalker  
  90  7:49  Stalker x6  
  102  7:55  Observer  
  102  7:56  Probe x3  
  106  7:59  Robotics Facility  
  106  8:00  Robotics Bay  
  106  8:02  Shield Battery  
  106  8:08  Probe  
  106  8:12  Warp Prism  
  93  8:13  Zealot x6  
  93  8:14  Zealot  
  93  8:15  Zealot  
  107  8:33  Colossus  
  107  8:36  Colossus  
  107  8:39  High Templar  
  107  8:40  High Templar x2  
  107  8:41  High Templar  
  114  8:45  Zealot x4  
  114  8:47  Probe  
  114  8:48  Probe x3  
  136  9:00  Assimilator  
  136  9:01  Probe x3  
  136  9:02  Probe  
  140  9:04  Assimilator  
  140  9:05  Extended Thermal Lance  
  140  9:07  Pylon  
  139  9:19  Pylon  
  139  9:21  Pylon  
  139  9:24  Colossus  
  139  9:25  Colossus  
  139  9:29  Zealot x3  
  139  9:30  Protoss Ground Armor Level 2, Zealot  
  155  9:34  Protoss Ground Weapons Level 3  
  155  9:39  Sentry  
  157  9:51  Nexus  
  157  9:52  Pylon  
  153  10:05  Gateway x2  
  149  10:08  Gateway  
  149  10:10  High Templar x2  
  149  10:14  Gateway  
  153  10:15  Zealot x2  
  153  10:16  Gateway  
  153  10:18  Gateway  
  157  10:21  Observer  
  157  10:22  Stalker x4  
  157  10:28  Gateway  
  166  10:29  Gateway  
  166  10:37  High Templar x2  
  166  10:41  Archon  
  166  10:52  Nexus  
  166  10:53  Pylon  
  166  10:55  High Templar x2, Stalker x2  
  166  10:56  Stalker x2  
  178  10:57  Pylon  
  178  11:01  Archon  
  175  11:17  Warp Prism  
  175  11:21  Stalker x10  
  175  11:25  Observer  
  180  11:39  Zealot x6  
  187  11:44  Zealot x4  
  195  11:53  Pylon  
  191  12:13  Zealot x4  
  181  12:24  Zealot x12  
  181  12:27  Nexus  
  181  12:29  Pylon  
Show
View Real Time Build Order
Export as new Build Order

LiquidCure Terran 

Build Orders: Reaper Expand 

Get SALT Encoding   

  12  0:00  SCV  
  13  0:12  SCV  
  14  0:16  Supply Depot  
  14  0:24  SCV  
  15  0:38  Barracks, SCV  
  15  0:42  Refinery  
  16  0:50  SCV  
  17  1:02  SCV  
  18  1:14  SCV  
  19  1:25  Reaper  
  20  1:27  Orbital Command  
  20  1:40  Command Center  
  20  1:50  Supply Depot  
  20  1:52  SCV  
  21  1:57  Marine  
  22  2:04  SCV  
  22  2:06  Factory  
  23  2:16  SCV  
  23  2:18  Bunker  
  23  2:20  Barracks Reactor  
  24  2:28  SCV  
  25  2:40  SCV  
  26  2:51  Hellion  
  28  2:52  Orbital Command  
  28  2:53  SCV  
  28  2:56  Marine x2  
  31  3:05  Command Center  
  31  3:08  SCV  
  31  3:12  Factory Tech Lab  
  32  3:17  Marine  
  32  3:18  Marine  
  32  3:19  SCV  
  35  3:20  SCV  
  35  3:31  SCV  
  35  3:32  SCV  
  35  3:33  Supply Depot  
  40  3:37  Marine  
  40  3:38  Marine  
  42  3:43  Refinery  
  42  3:46  Barracks  
  42  3:47  SCV x2  
  41  3:52  Barracks  
  41  3:55  Marine x2  
  42  3:56  Factory Tech Lab  
  42  4:00  SCV x2  
  45  4:12  SCV x2  
  45  4:13  Marine x2  
  49  4:17  Orbital Command  
  49  4:18  Refinery  
  49  4:21  Engineering Bay  
  49  4:24  SCV  
  49  4:25  SCV  
  51  4:32  Marine x2  
  51  4:34  Stimpack, Marauder  
  51  4:36  SCV  
  51  4:37  SCV  
  57  4:42  Supply Depot  
  57  4:44  SCV  
  57  4:45  Marauder  
  60  4:48  Terran Infantry Weapons Level 1  
  60  4:49  SCV  
  60  4:50  SCV  
  60  4:51  Refinery  
  62  4:54  Marine  
  62  4:56  Marauder  
  65  5:01  Starport, Factory Reactor, SCV x2  
  65  5:04  SCV  
  68  5:07  Combat Shield, Supply Depot  
  68  5:12  Marauder  
  68  5:14  Marine x2  
  71  5:18  Marauder  
  73  5:22  SCV x3  
  73  5:25  Supply Depot  
  75  5:34  Barracks  
  75  5:35  Barracks  
  75  5:36  Marauder  
  75  5:37  Marine  
  75  5:39  Marauder  
  75  5:42  SCV x3  
  81  5:46  Factory Reactor  
  81  5:47  Medivac x2  
  85  5:53  Supply Depot  
  85  5:54  Supply Depot  
  85  5:58  Marauder  
  85  5:59  Marine  
  85  6:00  Marauder  
  85  6:01  Marine  
  85  6:03  SCV x2  
  93  6:07  Supply Depot  
  93  6:13  Supply Depot  
  93  6:14  Orbital Command, Concussive Shells  
  93  6:15  SCV x2  
  95  6:19  Marine x2, Marauder  
  95  6:22  Marauder  
  95  6:25  Barracks Tech Lab, Barracks Reactor  
  101  6:28  Medivac x2  
  101  6:32  SCV x2  
  103  6:37  Marine x2  
  107  6:40  Widow Mine x2, Marauder  
  107  6:43  Marauder  
  110  6:48  Supply Depot x2  
  110  6:53  Terran Infantry Armor Level 1  
  110  6:54  SCV x3  
  112  7:00  Marine  
  113  7:01  Marauder  
  113  7:02  Marine x2, Marauder  
  113  7:04  Viking  
  121  7:15  Marine, Marauder  
  119  7:18  Marine  
  119  7:20  Marine  
  119  7:22  Medivac  
  121  7:23  Widow Mine x2, Marauder  
  121  7:24  SCV x2  
  121  7:25  Ghost Academy  
  129  7:30  Supply Depot  
  129  7:34  Marine x2, Marauder  
  129  7:35  Marine  
  129  7:36  Marauder  
  136  7:39  Viking  
  136  7:43  Marine  
  139  7:44  Marauder  
  141  7:52  Marine x2, Refinery, Supply Depot, SCV x2  
  141  7:53  Refinery  
  141  7:56  Supply Depot  
  144  8:09  Ghost x2  
  144  8:11  Ghost  
  144  8:12  Marine x4  
  128  8:13  SCV x2  
  128  8:15  SCV  
  130  8:25  SCV, Medivac x2  
  128  8:27  Engineering Bay  
  128  8:29  Command Center, Armory  
  128  8:30  Marine x2  
  128  8:40  Ghost x2  
  128  8:41  Marine x3  
  132  8:48  Marine  
  134  8:56  Marine  
  134  8:57  Viking  
  134  8:58  Marine x2, Ghost  
  134  9:01  Viking  
  143  9:05  Marine  
  143  9:08  Ghost, Barracks  
  144  9:10  Barracks x2  
  144  9:11  Starport  
  144  9:13  SCV x2  
  144  9:15  SCV  
  144  9:16  Ghost  
  149  9:17  Marine x2  
  151  9:25  Terran Infantry Weapons Level 2  
  151  9:28  Marauder  
  150  9:31  Viking  
  150  9:36  SCV x3  
  155  9:39  Bunker, Marine  
  155  9:40  Marine x3, Marauder  
  155  9:43  Sensor Tower  
  163  9:45  Marauder  
  163  9:48  SCV x3  
  163  9:49  Marine  
  167  9:59  Viking x2  
  170  10:00  SCV  
  170  10:04  SCV x2  
  173  10:11  Barracks Tech Lab x2, Barracks Reactor  
  173  10:12  SCV  
  174  10:14  Terran Infantry Armor Level 2  
  174  10:17  Planetary Fortress  
  174  10:18  Sensor Tower  
  174  10:25  Marauder x2  
  174  10:27  Marine x2  
  180  10:30  Supply Depot  
  180  10:31  Marine x2  
  180  10:34  Viking x2  
  186  10:45  Supply Depot  
  186  10:46  Terran Ship Weapons Level 1  
  185  10:50  Command Center  
  185  10:51  Marine x3, Marauder  
  185  10:52  Marauder x2  
  185  10:53  Marine  
  185  10:55  Marine  
  196  10:59  Missile Turret  
  196  11:05  Marine x2  
  196  11:06  Marauder  
  196  11:09  Marine x3  
  193  11:18  SCV x2  
  194  11:20  Viking, Medivac  
  194  11:24  Marine x4, SCV  
  194  11:25  Marauder x2  
  192  11:37  Viking  
  192  11:38  Viking  
  186  11:42  Marine x2, Ghost  
  186  11:43  Marine x2, Marauder x2  
  196  11:50  Viking  
  198  11:56  Ghost  
  198  12:03  Ghost  
  186  12:16  Ghost x2  
  186  12:21  Marine x4  
  186  12:22  Marine x2, Marauder  
  161  12:26  Marauder  
Tags
 
Add a new tag
Caveats
  • Supply blocks, unpowered buildings, or Contaminate may cause inaccurate times.
  • Supply counts are checked every 10 seconds.